 Dungeon Crawl Stone Soup version 0.31-a0-1-g4198be8af4 (webtiles) character file.

Game seed: 1333786500965327691

23 ytrimaz the Shield-Bearer (level 3, 31/35 HPs)
             Began as a Gnoll Fighter on May 1, 2023.
             Quit the game on level 1 of the Dungeon.
             The game lasted 00:00:27 (207 turns).

ytrimaz the Shield-Bearer (Gnoll Fighter)            Turns: 207, Time: 00:00:27

Health: 31/35      AC:  7    Str: 15    XL:     3   Next: 0%
Magic:  3/3        EV:  9    Int:  7    God:
Gold:   31         SH:  5    Dex: 13    Spells: 3/3 levels left

rFire   . . .        a - +0 war axe
rCold   . . .        c - +0 buckler
rNeg    . . .        b - +0 scale mail
rPois   .            (no helmet)
rElec   .            (no cloak)
rCorr   .            (no gloves)
SInv    .            (no boots)
Will    .....        f - amulet of magic regeneration Stlth
                     (no ring)
HPRegen 0.25/turn    (no ring)
MPRegen 0.48/turn

%: no passive effects
@: no status effects
A: fangs 1, strong nose, distributed training
a: no special abilities


You were on level 1 of the Dungeon.
You visited 1 branch of the dungeon, and saw 1 of its levels.

You collected 31 gold pieces.


Innate Abilities, Weirdness & Mutations

You have very sharp teeth.
Your uncanny sense of smell can sniff out nearby items.
Your experience applies equally to all skills.


   Skills:
 + Level 6.5 Fighting
 + Level 0.6 Short Blades
 + Level 0.6 Long Blades
 + Level 4.5 Axes
 + Level 0.6 Maces & Flails
 + Level 0.6 Polearms
 + Level 0.6 Staves
 + Level 0.6 Ranged Weapons
 + Level 0.6 Throwing
 + Level 6.5 Armour
 + Level 0.6 Dodging
 + Level 0.6 Stealth
 + Level 6.5 Shields
 + Level 0.6 Unarmed Combat
 + Level 0.6 Spellcasting
 + Level 0.4 Conjurations
 + Level 0.4 Hexes
 + Level 0.4 Summonings
 + Level 0.4 Necromancy
 + Level 0.4 Translocations
 + Level 0.4 Transmutations
 + Level 0.4 Fire Magic
 + Level 0.4 Ice Magic
 + Level 0.4 Air Magic
 + Level 0.4 Earth Magic
 + Level 0.4 Poison Magic
 + Level 0.8 Invocations
 + Level 0.6 Evocations


You had 3 spell levels left.
You didn't know any spells.
Your spell library was empty.

Inventory:

Hand Weapons
 a - a +0 war axe (weapon)
Armour
 b - a +0 scale mail (worn)
 c - a +0 buckler (worn)
Jewellery
 f - an amulet of magic regeneration (around neck)
   (You found it on level 1 of the Dungeon)
Scrolls
 e - a scroll of summoning {unknown}
Potions
 d - a potion of might

Dungeon Overview and Level Annotations

Branches:
Dungeon (1/15) Zot: 5781

Altars:

#..PP...).# #..PPPP.).#
...# #.####........#
..#.#........)....#
...#######.#####.# . ..#
##.###.## #####.#.####
##.#.## ###
#.....#.#..## ##.## ##..
.......@#.#.###.#.###.#.
#.....†.#.##.#.#.#.#.##.
..........###.#.<.#.####
#######.#.##†#.#.#.#.##
#.#.#.###.#.###.##
#.#..## ##.## ##.#
#.#.## ##.#.## #.. #.#.#
##.###.##### #.#.#
#.#####.#


There were no monsters in sight!


Message History

Keep equipping yourself? [Y]es or [N]o only, please.
Keep equipping yourself? [Y]es or [N]o only, please.
Keep equipping yourself? [Y]es or [N]o only, please.
Keep equipping yourself? [Y]es or [N]o only, please.
Keep equipping yourself? [Y]es or [N]o only, please.
Keep equipping yourself?
You continue putting on your amulet of magic regeneration.
You block the bat's attack.
You continue putting on your amulet of magic regeneration.
The bat barely misses you.
You continue putting on your amulet of magic regeneration.
The bat hits you but does no damage.
You finish putting on your amulet of magic regeneration.
f - an amulet of magic regeneration (around neck) Unknown command.
Unknown command.
The bat barely misses you.
You miss the bat. The bat hits you. The bat hits you but does no damage.
The bat closely misses you. 😕 HP[-1]
You take 1 damage, and now have 28/29 hp.
You barely miss the bat. The bat hits you but does no damage.
The bat closely misses you. 😎 HP[+1]
Your hp is fully restored (29).
The bat hits you but does no damage.
Unknown command.
A bat is nearby!
The bat closely misses you. You block the bat's attack.
You slash the bat!
You kill the bat!
You see here a bat corpse.
No target in view!
A giant cockroach comes into view.
A giant cockroach is nearby!
A giant cockroach is nearby!
You hit the giant cockroach.
You kill the giant cockroach!
No target in view!
Unknown command.
A kobold and a rat come into view.
The kobold shouts!
There are monsters nearby!
There are monsters nearby!
A quokka comes into view.
You slash the kobold!
You kill the kobold!
You block the rat's attack.
Things that are here:
a +0 dagger; 2 stones You hit the rat.
You kill the rat!
Unknown command.
No target in view!
No target in view!
Things that are here:
a +0 dagger; 2 stones A quokka is nearby!
A quokka is nearby!
You barely miss the quokka. You block the quokka's attack.
The quokka barely misses you.
You barely miss the quokka.
The quokka bites you but does no damage.
You hit the quokka but do no damage. The quokka closely misses you.
You block the quokka's attack.
Unknown command.
You barely miss the quokka. The quokka barely misses you.
You closely miss the quokka. Your bite misses the quokka.
You block the quokka's attack. The quokka bites you. 😕 HP[-2]
You take 2 damage, and now have 27/29 hp.
You miss the quokka. The quokka bites you. 😕 HP[-1]
You take 1 damage, and now have 26/29 hp.
You hit the quokka but do no damage. The quokka bites you.
You block the quokka's attack. 😕 HP[-1]
You take 1 damage, and now have 25/29 hp.
Unknown command.
You barely miss the quokka. The quokka barely misses you.
You block the quokka's attack.
A quokka is nearby!
You hit the quokka.
The quokka bites you but does no damage.
You hit the quokka.
You kill the quokka!
You have reached level 3!
Your experience leads to an increase in your attributes!
Increase (S)trength, (I)ntelligence, or (D)exterity?
You feel agile. x2 😕 HP[+6] MP[+1]
You now have 35 max hp (+6).
You regained 6 hp, and now have 31/35 hp.
Your mp is fully restored (3).
Are you sure you want to abandon this character and quit the game? (Confirm with "yes".)

Action                     || total
---------------------------++-------
  Melee: War axe           ||    35
         Bite              ||     2
 Armour: Scale mail        ||    18
  Dodge: Dodged            ||    18
  Block: Buckler           ||    15

Levels and vault maps discovered:
D:1:      minmay_arrival_diagonal_passages, layout_basic,
          shapermc_ecumenical_altar_ellora, st_stairs_3, nicolae_grassy_gnolls

Notes
Turn   | Place    | Note
-------+----------+-------------------------------------------
     0 | D:1      | ytrimaz the Gnoll Fighter began the quest for the Orb.
     0 | D:1      | Reached XP level 1. HP: 23/23 MP: 1/1
     0 | D:1      | magus.rc [v1.9.6]
    17 | D:1      | Reached XP level 2. HP: 18/29 MP: 2/2
   207 | D:1      | Reached XP level 3. HP: 31/35 MP: 3/3
   207 | D:1      | Quit the game

Vanquished Creatures
  A gnoll (D:1)
  A dart slug (D:1)
  A bat (D:1)
  3 giant cockroaches (D:1)
  A hobgoblin (D:1)
  2 quokkas (D:1)
  A kobold (D:1)
  A rat (D:1)
11 creatures vanquished.

Vanquished Creatures (others)
  2 plants (D:1)
2 creatures vanquished.

Grand Total: 13 creatures vanquished

Table legend:
 A = Non-vault XP
 B = Vault XP
 C = Vault XP percentage of total XP
 D = Non-vault monster count
 E = Vault monster count
 F = Vault count percentage of total count
                 A         B        C        D         E       F
            +---------+---------+-------+---------+---------+-------
      Total |      20 |      14 |  41.2 |      10 |       1 |   9.1
            +---------+---------+-------+---------+---------+-------
        D:1 |      20 |      14 |  41.2 |      10 |       1 |   9.1
            +---------+---------+-------+---------+---------+-------

Action                     || total
---------------------------++-------
  Melee: War axe           ||    35
         Bite              ||     2
 Armour: Scale mail        ||    18
  Dodge: Dodged            ||    18
  Block: Buckler           ||    15

Illustrated notes

Table legend:
 A = Kills in this place as a percentage of kills in the entire game.
 B = Kills by you in this place as a percentage of kills by you in the entire game.
 C = Kills by friends in this place as a percentage of kills by friends in the entire game.
 D = Other kills in this place as a percentage of other kills in the entire game.
 E = Experience gained in this place as a percentage of experience gained in the entire game.
 F = Experience gained in this place divided by the number of levels of this place that you have seen.
                   A       B       C       D       E      F
               +-------+-------+-------+-------+-------+----------------------
         Total | 100.0 | 100.0 |   N/A |   N/A | 100.0 |  34.0
       Dungeon | 100.0 | 100.0 |   N/A |   N/A | 100.0 |  34.0
               +-------+-------+-------+-------+-------+----------------------

Table legend: (Time is in decaauts)
 A = Elapsed time spent in this place.
 B = Non-inter-level travel time spent in this place.
 C = Inter-level travel time spent in this place.
 D = Time resting spent in this place.
 E = Time spent auto-exploring this place.
 F = Levels seen in this place.
 G = Mean time per level.
                   A        B        C        D        E       F      G
               +--------+--------+--------+--------+--------+-----+--------+
         Total |    218 |    218 |      0 |      0 |    130 |   1 |  218.0 |
       Dungeon |    218 |    218 |      0 |      0 |    130 |   1 |  218.0 |
               +--------+--------+--------+--------+--------+-----+--------+

Top non-repeatable levels by time:
     D:1: 218 daAuts
